 Dungeon Crawl Stone Soup version 0.18.1-47-g9310371 (webtiles) character file.

137 Venard the Skirmisher (level 5, -2/46 HPs)
             Began as a Human Wanderer on June 21, 2016.
             Was a Follower of Sif Muna.
             Slain by an orc wizard
             ... wielding a +0 dagger
              (4 damage)
             ... on level 3 of the Dungeon.
             The game lasted 00:07:44 (2346 turns).

Venard the Skirmisher (Human Wanderer)              Turns: 2346, Time: 00:07:44

Health: -2/46      AC:  5    Str: 14    XL:     5   Next: 44%
Magic:  5/5        EV:  3    Int: 14    God:    Sif Muna [*.....]
Gold:   67         SH:  0    Dex: 10    Spells: 0 memorised, 4 levels left

rFire  . . .     SeeInvis .     a - +2 hand axe
rCold  . . .     Gourm    .     e - +0 ring mail
rNeg   . . .     Faith    .     (no shield)
rPois  .         Spirit   .     (no helmet)
rElec  .         Dismiss  .     (no cloak)
rCorr  .         Reflect  .     (no gloves)
SustAt .         Harm     .     (no boots)
MR     .....                    (no amulet)
Stlth  ..........               (no ring)
                                q - -3 ring of evasion (curse)

@: not resistant to hostile enchantments, extremely unstealthy
A: no striking features
a: Channel Energy, Renounce Religion


You were on level 3 of the Dungeon.
You worshipped Sif Muna.
Sif Muna was aware of your devotion.
You were not hungry.

You visited 1 branch of the dungeon, and saw 3 of its levels.

You collected 67 gold pieces.

Inventory:

Hand Weapons
 a - a +2 hand axe (weapon)
 i - a +2 dagger of venom
Missiles
 g - 2 tomahawks (quivered)
Armour
 e - a +0 ring mail (worn)
Jewellery
 q - a cursed -3 ring of evasion (left hand)
Scrolls
 f - 2 scrolls of identify {unknown}
 j - a scroll of random uselessness {unknown}
 k - 3 scrolls of remove curse {unknown}
 o - a scroll of immolation {unknown}
Potions
 b - 2 potions of lignification
 c - a potion of degeneration {unknown}
 h - 2 potions of haste {unknown}
 m - a potion of berserk rage {unknown}
Comestibles
 d - 2 bread rations
 l - a meat ration
 n - 4 fruits
 p - a chunk of flesh


   Skills:
 + Level 5.7 Fighting
 + Level 1.8 Axes
 - Level 1.0 Throwing
 - Level 2.1 Armour
 - Level 3.2 Dodging
 + Level 0.0 Spellcasting
   Level 1.0 Evocations


You had 4 spell levels left.
You didn't know any spells.

Dungeon Overview and Level Annotations

Branches:
Dungeon (3/15)

Altars:
Nemelex Xobeh
Sif Muna


Message History

You hit the orc wizard.
The orc wizard is lightly wounded.
The bat barely misses you. The orc wizard completely misses you.
The bat hits you.
The orc priest casts a cantrip, but nothing happens.
The orc wizard hits you but does no damage.
The bat hits you but does no damage. The bat closely misses you.
The orc priest mumbles some strange prayers to Beogh against you.
Pain shoots through your body! The bat hits you.
The orc priest invokes the aid of Beogh against you.
Beogh smites you!
* * * LOW HITPOINT WARNING * * *
There is a stone staircase leading up here.
The bat hits you.
* * * LOW HITPOINT WARNING * * *
The bat hits you but does no damage. The orc priest hits you.
* * * LOW HITPOINT WARNING * * *
The orc wizard hits you with a dagger.
You die...

##........ ....
##...[......# .....
##...........###.....
##..................
#.................####
#............#)......
##.............o......
#............b#ow....>
#...........?.@oo.?...
#....8.....#...o......
#...8.8...............
#..8._.8...#.##.......
##..8.8..(.#.# .......
#...8.....#.# .....(.
#........#.<# .......
###.....##...######.#
#....#####.#.#


You could see a worm, 2 orc priests, 2 orc wizards, an orc and a bat.

Vanquished Creatures
  4 adders (D:2)
  4 gnolls (D:2)
  An ooze (D:1)
  A worm (D:2)
  2 dart slugs (D:1)
  4 giant geckos
  A giant cockroach (D:1)
  3 goblins
  7 hobgoblins
  2 jackals (D:1)
  7 kobolds
  A ball python (D:2)
  8 bats
  2 giant newts
  2 rats (D:1)
49 creatures vanquished.

Notes
Turn   | Place    | Note
--------------------------------------------------------------
     0 | D:1      | Venard the Human Wanderer began the quest for the Orb.
     0 | D:1      | Venard set off with: a +2 hand axe, 2 potions of lignification, a +0 robe, a bread ration
     0 | D:1      | Reached XP level 1. HP: 21/21 MP: 1/1
    30 | D:1      | Reached XP level 2. HP: 4/27 MP: 2/2
   486 | D:1      | Reached skill level 1 in Dodging
   558 | D:1      | Reached XP level 3. HP: 27/33 MP: 3/3
  1077 | D:2      | HP: 1/33 [gnoll/halberd (9)]
  1078 | D:2      | Reached XP level 4. HP: 1/39 MP: 4/4
  1856 | D:2      | Found a sparkling altar of Nemelex Xobeh.
  1899 | D:2      | Reached XP level 5. HP: 40/44 MP: 5/5
  2301 | D:3      | Found a faded altar to an unknown god.
  2319 | D:3      | Became a worshipper of Sif Muna the Loreminder
  2319 | D:3      | Reached * piety under Sif Muna
  2346 | D:3      | HP: 2/46 [orc priest (1)]
  2346 | D:3      | Slain by an orc wizard

Skill      XL: |  1  2  3  4 |
---------------+-------------+-----
Dodging        | 1 2 3 |  3.2
Fighting       | |  5.7
Axes           | |  1.8
Throwing       | |  1.0
Armour         | |  2.1
Evocations     | |  1.0

Action                   |  1- 3 |  4- 6 || total
-------------------------+-------+-------++-------
Melee: Hand axe          |    71 |   108 ||   179
Throw: Tomahawk          |     4 |     2 ||     6
  Eat: Chunk             |       |     5 ||     5
Armor: Robe              |     2 |       ||     2
       Ring mail         |    31 |    50 ||    81
Dodge: Dodged            |    37 |    91 ||   128
